 Dungeon Crawl Stone Soup version 0.28.0 (webtiles) character file.

Game seed: 2469761280431619021

294 Morbidden the Skirmisher (level 6, -2/43 (48) HPs)
             Began as a Demonspawn Fighter on Feb 15, 2022.
             Slain by a wight (8 damage)
             ... on level 4 of the Dungeon.
             The game lasted 00:03:10 (2965 turns).

Morbidden the Skirmisher (Demonspawn Fighter)       Turns: 2965, Time: 00:03:11

HP:   -2/43 (48)    AC: 15    Str: 18    XL:     6   Next: 11%
MP:   6/6           EV:  8    Int: 10    God:
Gold: 113           SH:  0    Dex: 12    Spells: 5/5 levels left

rFire   . . .      SeeInvis .     - Unarmed
rCold   + . .      Faith    .   (no shield)
rNeg    . . .      Spirit   .   i - +0 chain mail
rPois   .          Reflect  .   (no helmet)
rElec   .          Harm     .   (no cloak)
rCorr   .          Rampage  .   (no gloves)
Will    .....                   (no boots)
Stlth   ..........              (no amulet)
HPRegen 0.14/turn               l - ring of protection from cold
MPRegen 0.10/turn               (no ring)

@: sanguine armoured, heavily drained
A: claws 2, demonic guardian 2, sanguine armour 1
a: no special abilities


You were on level 4 of the Dungeon.
You visited 1 branch of the dungeon, and saw 4 of its levels.

You collected 113 gold pieces.

Inventory:

Missiles
 j - 3 boomerangs
 n - 2 curare-tipped darts (quivered)
Armour
 i - a +0 chain mail (worn)
Jewellery
 l - a ring of protection from cold (left claw)
Wands
 o - a wand of flame (30)
Scrolls
 b - 4 scrolls of identify {unknown}
 c - a scroll of blinking {unknown}
 e - a scroll of enchant armour {unknown}
 g - 2 scrolls of amnesia {unknown}
 k - a scroll of vulnerability {unknown}
 p - a scroll of teleportation {unknown}
Potions
 a - a potion of attraction {unknown}
 d - a potion of might
 f - a potion of curing {unknown}
 h - 2 potions of resistance {unknown}
 m - a potion of flight {unknown}


   Skills:
 * Level 4.0 Fighting
 + Level 3.3 Long Blades
 + Level 3.5 Armour
 * Level 2.3 Dodging
 + Level 2.9 Shields
 * Level 1.4 Unarmed Combat


You had 5 spell levels left.
You didn't know any spells.
Your spell library contained the following spells:

 Spells                   Type           Power      Damage    Failure   Level
 Beastly Appendage        Tmut           0%         N/A       99%         1
 Ensorcelled Hibernation  Hex/Ice        0%         N/A       100%        2
 Passwall                 Tmut/Erth      0%         N/A       100%        2
 Wereblood                Tmut           0%         N/A       100%        2
 Confusing Touch          Hex            0%         N/A       100%        3
 Spider Form              Tmut/Pois      0%         N/A       100%        3
 Summon Guardian Golem    Hex/Summ       0%         N/A       100%        3
 Swiftness                Air            0%         N/A       100%        3


Dungeon Overview and Level Annotations

Branches:
Dungeon (3/15)

Altars:

Shops:
D:2 *


Innate Abilities, Weirdness & Mutations

You have very sharp fingernails.
A demonic guardian rushes to your aid.
When seriously injured, your blood forms armour. (AC +6)


Message History

The adder completely misses your quasit.
The wight barely misses you.
Your quasit barely misses the wight.
Your quasit claws the wight but does no damage.
Your quasit barely misses the wight.
The wight closely misses your quasit.
You closely miss the wight.
The wight is almost destroyed.
The adder barely misses your quasit.
Your quasit bites the wight but does no damage.
Your quasit barely misses the wight.
Your quasit claws the wight but does no damage.
The wight hits you but does no damage. The wight closely misses your quasit.
The adder barely misses your quasit.
You scratch the wight but do no damage.
The wight is almost destroyed.
Your quasit disappears in a puff of smoke!
The wight hits you but does no damage.
Unknown command.
Unknown command.
You scratch the wight.
You destroy the wight!
Your Dodging skill increases to level 2!
You have reached level 6!
Your demonic ancestry asserts itself...
Your guardian grows in power.
You barely miss the wight. The wight barely misses you.
You scratch the wight but do no damage. The wight hits you but does no damage.
Unknown command.
You scratch the wight but do no damage. The wight hits you but does no damage.
You closely miss the wight. The wight barely misses you.
Unknown command.
You barely miss the wight. The wight hits you but does no damage.
You scratch the wight but do no damage. The wight hits you but does no damage.
You closely miss the wight.
The wight hits you with a +3 dagger of freezing!
* * * LOW HITPOINT WARNING * * *
A demonic guardian appears!
You scratch the wight.
The wight is lightly damaged.
The wight hits you with a +3 dagger of freezing!
You die...

#....zz........#
#.#######......# ...
#####.....# .....
#.........#
...#........###.....###.
.. #...... #z........ .
#...... #S#######.
#...... #z# #......# #@#
### #....... ##.# ..
........###4.#
.####.......#...## #
)..........#..#### ##.
.............###.# #..
.....##.#...####.## #.#
#...(.............# #.#
##................###.#


You could see 2 wights, an adder and a friendly orange demon (summoned).

Vanquished Creatures
  A necrophage (D:4)
  A wight (D:4)
  A hound (D:4)
  An iguana (D:4)
  A hound skeleton (D:4)
  3 adders
  An ufetubus (D:4)
  6 worms
  2 dart slugs (D:2)
  An orc (D:4)
  6 ball pythons
  4 endoplasms
  A giant cockroach (D:2)
  6 goblins
  5 hobgoblins
  2 quokkas
  3 bats
  A frilled lizard (D:1)
  A kobold (D:1)
  6 rats
53 creatures vanquished.

Vanquished Creatures (others)
  A plant (D:2)
1 creature vanquished.

Grand Total: 54 creatures vanquished

Notes
Turn   | Place    | Note
-------+----------+-------------------------------------------
     0 | D:1      | Morbidden the Demonspawn Fighter began the quest for the
                  | Orb.
     0 | D:1      | Reached XP level 1. HP: 18/18 MP: 1/1
   161 | D:1      | Gained mutation: When seriously injured, your blood forms
                  | armour. (AC +6) [demonic ancestry]
   161 | D:1      | Reached XP level 2. HP: 24/24 MP: 2/2
   858 | D:2      | Found Rigion's Assorted Antiques.
   883 | D:2      | Gained mutation: You have sharp fingernails. [demonic
                  | ancestry]
   883 | D:2      | Reached XP level 3. HP: 17/29 MP: 3/3
  1741 | D:2      | Reached skill level 1 in Dodging
  1840 | D:2      | Got Sif Muna's Compendium of Bewitchment
  1999 | D:3      | You fall into a shaft and drop 1 floor!
  2015 | D:4      | Gained mutation: A weak demonic guardian rushes to your
                  | aid. [demonic ancestry]
  2015 | D:4      | Reached XP level 4. HP: 25/35 MP: 4/4
  2459 | D:4      | Reached skill level 1 in Unarmed Combat
  2459 | D:4      | Gained mutation: You have very sharp fingernails. [demonic
                  | ancestry]
  2459 | D:4      | Reached XP level 5. HP: 15/42 MP: 5/5
  2827 | D:4      | Noticed a necrophage
  2838 | D:4      | Killed a necrophage
  2839 | D:4      | Reached skill level 4 in Fighting
  2958 | D:4      | Gained mutation: A demonic guardian rushes to your aid.
                  | [demonic ancestry]
  2958 | D:4      | Reached XP level 6. HP: 12/43 MP: 6/6
  2965 | D:4      | Slain by a wight

Illustrated notes

Levels and vault maps discovered:
D:1:      scummos_arrival_simple_fountains, layout_rooms
D:2:      layout_rooms, serial_shops, nicolae_shop_overgrown_old_shop
D:3:      wander_river, layout_rooms, basic_ecumenical_altar
D:4:      layout_rooms

Skill      XL: |  1  2  3  4  5 |
---------------+----------------+-----
Long Blades    | 2 3 |  3.3
Armour         | 3 |  3.5
Dodging        | 1 2 |  2.3
Unarmed Combat | 1 |  1.4
Fighting       | 4 |  4.0
Shields        | |  2.9

Action                   |  1- 3 |  4- 6 || total
-------------------------+-------+-------++-------
Melee: Long sword        |   125 |    38 ||   163
       Punch             |     1 |     1 ||     2
       Unarmed           |       |    42 ||    42
Throw: Dart              |       |     1 ||     1
Armor: Scale mail        |    13 |       ||    13
       Chain mail        |    60 |    80 ||   140
Dodge: Dodged            |    30 |    43 ||    73
Block: Buckler           |    13 |       ||    13
